 Dungeon Crawl Stone Soup version 0.29.1-13-g9f3cf754e1 (webtiles) character file.

Game seed: 17758858996351801254

18161 cdecastro the Unseen (level 12, -3/67 HPs)
             Began as a Vine Stalker Enchanter on Feb 4, 2023.
             Was an Elder of Nemelex Xobeh.
             Slain by a very large slime creature (11 damage)
             ... on level 13 of the Dungeon on Feb 5, 2023.
             The game lasted 00:50:00 (15857 turns).

cdecastro the Unseen (Vine Stalker Enchanter)      Turns: 15857, Time: 00:50:01

Health: -3/67      AC: 11    Str: 13    XL:     12   Next: 55%
Magic:  0/19       EV: 12    Int: 26    God:    Nemelex Xobeh [****..]
Gold:   419        SH:  0    Dex: 18    Spells: 10/15 levels left

rFire   . . .      SeeInvis .   v - +9 short sword "Caggu" {drain, rN+ Str+2 Int+3}
rCold   . . .      Faith    .   (no shield)
rNeg    + . .      Spirit   +   L - +4 robe of Saotug {Slay+3}
rPois   .          Reflect  .   m - +0 helmet
rElec   .          Harm     .   c - +0 cloak
rCorr   .          Rampage  .   (no gloves)
Will    +....                   a - +2 pair of boots
Stlth   ++++++....              (no amulet)
HPRegen 1.01/turn               P - ring of flight
MPRegen 0.16/turn               q - +6 ring of intelligence

@: flying, studying Throwing
A: fangs 3, regeneration 1, magic shield, antimagic bite, no potion heal 2
a: Renounce Religion, Draw Escape, Draw Destruction, Draw Summoning, Triple
Draw, Deal Four


You were on level 13 of the Dungeon.
You worshipped Nemelex Xobeh.
Nemelex Xobeh was greatly pleased with you.
You visited 2 branches of the dungeon, and saw 14 of its levels.
You also visited: Ice Cave.

You collected 757 gold pieces.
You spent 338 gold pieces at shops.

Inventory:

Hand Weapons
 b - a +0 longbow of freezing
 v - the +9 short sword "Caggu" (weapon) {drain, rN+ Str+2 Int+3}
   (You bought it in a shop on level 2 of the Dungeon)

   A truly terrible weapon, it drains the life of any living foe it strikes.
   Str:       It affects your strength (+2).
   Int:       It affects your intelligence (+3).
   rN:        It protects you from negative energy.
 M - a +2 short sword of electrocution
 U - a +5 dagger
 X - a +2 great sword of flaming
Missiles
 u - 39 poisoned darts (quivered)
 x - 4 curare-tipped darts
 y - 13 javelins
 G - a throwing net
 O - 3 silver boomerangs
Armour
 a - a +2 pair of boots (worn)
 c - a +0 cloak (worn)
 i - a +0 buckler of cold resistance
 m - a +0 helmet (worn)
 L - the +4 robe of Saotug (worn) {Slay+3}
   (You found it on level 7 of the Dungeon)

   Slay:      It affects your accuracy & damage with ranged weapons and melee
   (+3).
 S - a +2 leather armour of willpower
Magical Staves
 g - a staff of poison
Jewellery
 d - a ring of ice
 q - a +6 ring of intelligence (right hand)
 P - a ring of flight (left hand)
Wands
 t - a wand of paralysis (8)
 J - a wand of light (10)
 K - a wand of roots (9)
 T - a wand of polymorph (8)
 Z - a wand of flame (14)
Scrolls
 e - 7 scrolls of fear
 f - 2 scrolls of vulnerability {unknown}
 h - 4 scrolls of immolation {unknown}
 j - a scroll of butterflies
 k - 9 scrolls of teleportation
 C - 4 scrolls of amnesia {unknown}
 D - 3 scrolls of blinking
 E - 2 scrolls of brand weapon
 H - a scroll of enchant weapon {unknown}
 R - a scroll of poison {unknown}
 V - a scroll of enchant armour {unknown}
Potions
 l - 4 potions of magic
 n - a potion of cancellation
 o - 5 potions of curing
 p - 2 potions of heal wounds
 r - 2 potions of attraction
 s - a potion of resistance
 w - 2 potions of mutation
 z - 4 potions of might
 A - 2 potions of haste
 F - 2 potions of flight
 I - a potion of brilliance {unknown}
 N - 2 potions of invisibility
 W - 2 potions of berserk rage
 Y - a potion of ambrosia
Miscellaneous
 Q - a phial of floods


   Skills:
 - Level 10.0 Fighting
 - Level 5.2 Short Blades
 - Level 1.5 Dodging
 - Level 15.0 Stealth
 - Level 2.1 Spellcasting
 - Level 9.0 Hexes
 + Level 8.3 Invocations


You had 10 spell levels left.
You knew the following spells:

 Your Spells              Type           Power      Damage    Failure   Level
a - Ensorcelled Hibernat  Hex/Ice        52%        N/A       2%          2
b - Confusing Touch       Hex            49%        N/A       1%          3

Your spell library contained the following spells:

 Spells                   Type           Power      Damage    Failure   Level
 Slow                     Hex            100%       N/A       1%          1
 Tukima's Dance           Hex            49%        N/A       1%          3
 Dazzling Flash           Conj/Hex       52%        N/A       4%          3
 Inner Flame              Hex/Fire       26%        N/A       4%          3
 Portal Projectile        Hex/Tloc       52%        N/A       4%          3
 Summon Guardian Golem    Hex/Summ       26%        N/A       4%          3
 Beastly Appendage        Tmut           4%         N/A       11%         1
 Foxfire                  Conj/Fire      8%         2x1d4     11%         1
 Summon Small Mammal      Summ           8%         N/A       11%         1
 Wereblood                Tmut           2%         N/A       16%         2
 Call Canine Familiar     Summ           2%         N/A       30%         3
 Conjure Flame            Conj/Fire      2%         6-21      30%         3
 Ignite Poison            Fire/Tmut/Pois 2%         N/A       30%         3
 Mephitic Cloud           Conj/Pois/Air  2%         N/A       30%         3
 Spider Form              Tmut/Pois      2%         N/A       30%         3
 Vampiric Draining        Necr           2%         2d6       30%         3
 Animate Dead             Necr           2%         N/A       71%         4
 Flame Wave               Conj/Fire      2%         2d4       71%         4
 Blade Hands              Tmut           1%         N/A       96%         5
 Borgnjor's Vile Clutch   Necr/Erth      1%         N/A       96%         5
 Freezing Cloud           Conj/Ice/Air   1%         6-21      96%         5
 Death Channel            Necr           1%         N/A       100%        6


Dungeon Overview and Level Annotations

Branches:
Dungeon (13/15)            Temple (1/1) D:7            Lair (0/5) D:10
    Orc (0/2) D:9           IceCv (visited)
 Vaults: D:13-14

Altars:
Ashenzari
Cheibriados
Dithmenos
Elyvilon
Fedhas
Gozag
Hepliaklqana
Kikubaaqudgha
Makhleb
Nemelex Xobeh
Okawaru
Qazlal
Ru
Sif Muna
Trog
Uskayaw
Vehumet
Wu Jian
Xom
Yredelemnul
Zin
The Shining One

Shops:
D:1 [   D:2 *   D:5 *

Annotations:
D:2 Sigmund
D:4 Grinder
D:5 exclusion: ice beast
D:7 2 transporters
D:12 exclusion: oklob plant


Innate Abilities, Weirdness & Mutations

You have razor-sharp teeth.
Your natural rate of healing is unusually fast.
When hurt, damage is shared between your health and your magic reserves.
Your bite disrupts and absorbs the magic of your enemies.
Potions cannot restore your health.


Message History

The slime creature quivers.
Two slime creatures merge to form a large slime creature.
You see here a poisoned dart.
u - 39 poisoned darts (gained 1)
The slime creature quivers.
The slime creature closely misses you.
Two slime creatures merge to form a very large slime creature.
You puncture the very large slime creature!
You drain the very large slime creature.
You bite the very large slime creature. You drain its power.
The very large slime creature is lightly wounded.
Casting: Confusing Touch (safe; 1% risk of failure)
Confirm with . or Enter, or press ? or * to list all spells.
Your hands begin to glow red.
The slime creature quivers.
Unknown command.
You hit the very large slime creature but do no damage.
The very large slime creature appears confused.
The very large slime creature is lightly wounded.
Unknown command.
The very large slime creature hits you!!!
Ouch! That really hurt!
* * * LOW HITPOINT WARNING * * *
You hear an angry buzzing noise. x3
Unknown command.
You barely miss the very large slime creature.
The very large slime creature is lightly wounded.
The very large slime creature hits you!!
* * * LOW HITPOINT WARNING * * *
Unknown command.
You hit the very large slime creature. You bite the very large slime creature.
You drain its power.
You feel invigorated.
The very large slime creature is lightly wounded.
The very large slime creature completely misses you.
Unknown command.
You puncture the very large slime creature!
The very large slime creature is moderately wounded.
The very large slime creature hits you!
You die...
Your body glows slightly and disappears.

#.##.### #....
#......# #....
####.#.# #....
#.#.# #.... #.# #
#.... #.# #....
#.# #....
##########.###...
#####
#..$.JJ@.........(
#############.....
###.


You could see a very large slime creature (confused, drained) and a slime
creature.

Vanquished Creatures
  2 boulder beetles (D:11)
  2 two-headed ogres (D:12)
  7 slime creatures
  Pikel (D:5)
  2 ugly things
  3 cyclopes
  2 ice statues (IceCv)
  A gargoyle (D:10)
  2 komodo dragons
  2 rime drakes (D:11)
  An anaconda simulacrum (IceCv)
  5 ice devils (IceCv)
  3 trolls
  A hornet (D:8)
  2 shadows
  4 yaks
  A dire elephant simulacrum (IceCv)
  A wyvern (D:8)
  3 steam dragons
  7 vampire mosquitoes
  A death yak simulacrum (IceCv)
  A hydra simulacrum (IceCv)
  An acid dragon (D:7)
  4 orc warriors
  An ice beast (D:8)
  A black bear (D:7)
  An ogre (D:7)
  2 phantoms
  4 centaurs
  2 lemures (D:5)
  3 bullfrogs
  3 kobold brigands
  A necrophage (D:5)
  A gnoll sergeant (D:5)
  3 two-headed ogre simulacra (IceCv)
  2 scorpions
  9 wights (D:10)
  2 cane toad simulacra (IceCv)
  19 killer bees
  6 howler monkeys
  2 electric eels
  3 orc priests
  A hound (D:6)
  5 jellies
  3 iguanas
  3 orc wizards
  2 troll simulacra (IceCv)
  A spriggan simulacrum (IceCv)
  2 wolf simulacra (IceCv)
  Robin (D:2)
  7 gnolls
  2 adders
  5 naga simulacra (IceCv)
  3 white imps
  An ufetubus (D:4)
  A worm (D:5)
  A dart slug (D:2)
  33 orcs
  5 bats
  20 endoplasms
  5 giant cockroaches
  18 goblins
  10 hobgoblins
  4 jackals
  19 kobolds
  5 quokkas
  8 ball pythons
  6 rats
295 creatures vanquished.

Vanquished Creatures (others)
  An ufetubus (IceCv)
  11 fungi (D:12)
  9 plants
21 creatures vanquished.

Grand Total: 316 creatures vanquished

Notes
Turn   | Place    | Note
-------+----------+-------------------------------------------
     0 | D:1      | cdecastro the Vine Stalker Enchanter began the quest for
                  | the Orb.
     0 | D:1      | Reached XP level 1. HP: 9/9 MP: 4/4
   302 | D:1      | Reached XP level 2. HP: 11/13 MP: 6/6
   366 | D:1      | Found Teoppaho's Armour Emporium.
   429 | D:1      | Reached skill level 4 in Stealth
  1187 | D:1      | Reached XP level 3. HP: 13/16 MP: 7/7
  1190 | D:1      | Learned a level 2 spell: Ensorcelled Hibernation
  1194 | D:1      | Learned a level 3 spell: Confusing Touch
  1500 | D:1      | Found a faded altar of an unknown god.
  1909 | D:2      | Noticed Robin
  2570 | D:2      | Killed Robin
  2592 | D:1      | Gained mutation: Your natural rate of healing is unusually
                  | fast. [Vine Stalker growth]
  2592 | D:1      | Reached XP level 4. HP: 15/21 MP: 3/8
  2953 | D:2      | Noticed Sigmund
  2964 | D:2      | Found Niemmev's Assorted Antiques.
  3771 | D:3      | Noticed a scorpion
  3831 | D:3      | Killed a scorpion
  3832 | D:3      | Reached skill level 5 in Stealth
  3832 | D:3      | Reached skill level 5 in Hexes
  3832 | D:3      | Reached XP level 5. HP: 17/24 MP: 2/9
  4832 | D:3      | Found a basalt altar of Yredelemnul.
  4884 | D:3      | Found a white marble altar of Elyvilon.
  5293 | D:4      | Noticed Grinder
  5347 | D:4      | Reached XP level 6. HP: 28/28 MP: 3/10
  5598 | D:4      | Reached skill level 6 in Stealth
  5818 | D:5      | Entered Level 5 of the Dungeon
  5867 | D:5      | Found Miriju's CLEARANCE SALE!.
  5880 | D:5      | Reached XP level 7. HP: 24/32 MP: 9/11
  5915 | D:5      | Bought a scroll of identify for 6 gold pieces
  5915 | D:5      | Bought 2 scrolls of blinking for 45 gold pieces
  6088 | D:5      | Noticed Pikel
  6114 | D:5      | Killed Pikel
  6115 | D:5      | Reached skill level 7 in Stealth
  6115 | D:5      | Gained mutation: You have razor-sharp teeth. [Vine Stalker
                  | growth]
  6115 | D:5      | Reached XP level 8. HP: 36/36 MP: 12/12
  6191 | D:5      | Found a stormy altar of Qazlal.
  6194 | D:5      | Found an iron altar of Okawaru.
  6197 | D:5      | Found a shimmering altar of Xom.
  6376 | D:5      | Found a sparkling altar of Nemelex Xobeh.
  6451 | D:2      | Bought a bubbling golden potion for 26 gold pieces
  6451 | D:2      | Bought a scroll labelled LUEH MUSHRI for 29 gold pieces
  6699 | D:5      | Found the +7 Kryia's mail coat {PotionHeal*2 rC+}
  6938 | D:5      | Reached skill level 8 in Stealth
  7241 | D:5      | Became a worshipper of Nemelex Xobeh the Trickster
  7666 | D:2      | Bought a translucent short sword for 232 gold pieces
  7666 | D:2      | Identified the +9 short sword "Caggu" {drain, rN+ Str+2
                  | Int+3} (You bought it in a shop on level 2 of the Dungeon)
  7957 | D:6      | Reached skill level 1 in Short Blades
  8072 | D:6      | Found a glowing golden altar of the Shining One.
  8271 | D:7      | Found a transporter.
  8332 | D:7      | Reached skill level 9 in Stealth
  8338 | D:7      | Reached XP level 9. HP: 32/39 MP: 8/13
  8420 | D:7      | Reached * piety under Nemelex Xobeh
  8465 | D:7      | Identified the +4 robe of Saotug {Slay+3}
  8501 | D:7      | Found a staircase to the Ecumenical Temple.
  8515 | D:7      | Found a transporter.
  9142 | Temple   | Entered the Ecumenical Temple
  9290 | D:7      | Reached skill level 5 in Short Blades
  9290 | D:7      | Reached skill level 10 in Stealth
  9389 | D:8      | Reached skill level 1 in Fighting
  9434 | D:8      | Received a gift from Nemelex Xobeh
  9667 | D:8      | Noticed a hornet
  9680 | D:8      | Killed a hornet
  9761 | D:8      | Noticed a cyan ugly thing
  9788 | D:8      | Killed a cyan ugly thing
  9789 | D:8      | Reached XP level 10. HP: 34/53 MP: 14/14
 10149 | D:9      | Found a staircase to the Orcish Mines.
 10242 | D:9      | Reached ** piety under Nemelex Xobeh
 10854 | D:9      | Found a snail-covered altar of Cheibriados.
 10863 | D:9      | Found a radiant altar of Vehumet.
 11112 | D:10     | Entered Level 10 of the Dungeon
 11287 | D:10     | Found a staircase to the Lair.
 11558 | D:10     | Noticed a gargoyle
 11574 | D:10     | Killed a gargoyle
 11661 | D:10     | Found an ornate altar of the Wu Jian Council.
 11694 | D:10     | Reached XP level 11. HP: 63/63 MP: 15/15
 11811 | D:10     | Reached skill level 10 in Fighting
 12005 | D:11     | Reached *** piety under Nemelex Xobeh
 12032 | D:11     | Found a frozen archway.
 12038 | D:11     | Reached skill level 11 in Stealth
 12060 | IceCv    | Entered an ice cave
 12073 | IceCv    | Received a gift from Nemelex Xobeh
 12296 | IceCv    | Reached skill level 12 in Stealth
 12312 | IceCv    | Noticed a white ugly thing
 12321 | IceCv    | Killed a white ugly thing
 12368 | IceCv    | Reached skill level 13 in Stealth
 12988 | IceCv    | Reached skill level 14 in Stealth
 13018 | IceCv    | Noticed a reaper
 13304 | D:11     | Found a radiant altar of Vehumet.
 13352 | D:11     | Noticed a boulder beetle
 13373 | D:11     | Killed a boulder beetle
 13417 | D:11     | Received a gift from Nemelex Xobeh
 13478 | D:11     | Noticed a boulder beetle
 13506 | D:11     | Killed a boulder beetle
 13507 | D:11     | Reached skill level 15 in Stealth
 13507 | D:11     | Reached skill level 1 in Invocations
 13883 | D:12     | Noticed a four-headed hydra
 13944 | D:11     | Reached XP level 12. HP: 9/67 MP: 6/16
 14572 | D:12     | Noticed a two-headed ogre
 14606 | D:12     | Killed a two-headed ogre
 14607 | D:12     | Reached skill level 5 in Invocations
 14918 | D:12     | Reached **** piety under Nemelex Xobeh
 15028 | D:12     | Noticed a two-headed ogre
 15049 | D:12     | Killed a two-headed ogre
 15173 | D:12     | Received a gift from Nemelex Xobeh
 15857 | D:13     | Slain by a very large slime creature

Illustrated notes

Levels and vault maps discovered:
D:1:      dpeg_arrival_concentric_ovals, layout_loops_ring,
          shapermc_ecumenical_altar_petra, serial_shops,
          nicolae_shop_statue_plus
D:2:      layout_basic, serial_shops, nicolae_diamond_shop, uniq_sigmund,
          uniq_robin, uniq_crazy_yiuf_cottage
D:3:      layout_loops_cross, kennysheep_ying_yang, serial_bayou,
          serial_bayou_crossing, serial_bayou_pond_b, serial_bayou_shore_a,
          serial_bayou_ford_a, serial_bayou_lagoon_b, serial_bayou_pond_b
D:4:      layout_basic, uniq_grinder
D:5:      layout_gridville, old_standard_altar, grunt_temple_overflow_open,
          nicolae_shop_clearance, uniq_pikel
D:6:      layout_rooms, nicolae_tso_swordbearing_angel,
          hangedman_decor_riveting, minmay_misc_feat_iff, hangedman_decor_lopped
D:7:      gammafunk_cloud_chamber, layout_loops_corners,
          minmay_temple_entry_glass
D:8:      layout_basic, minmay_manual_mullet
D:9:      layout_cave_pools, mainiacjoe_overflow_swirl, david_orc_2
D:10:     layout_roguey, nicolae_wu_jian_immortal_techniques, lair_entry_dummy
D:11:     layout_cave_pods, portal_ice_cave_rime, minmay_door_square,
          nicolae_vehumet_radiance
D:12:     lemuel_slime, layout_stronghold, water_maze_lemuel
D:13:     layout_basic
Temple:   hellmonk_temple_two_chambers

Skill      XL: |  1  2  3  4  5  6  7  8  9 10 11 12 |
---------------+-------------------------------------+-----
Stealth        | 4 5 6 7 9 10 15 | 15.0
Hexes          | 4 5 6 7 9 |  9.0
Short Blades   | 3 5 |  5.2
Fighting       | 6 9 10 | 10.0
Invocations    | 3 8 |  8.3
Dodging        | |  1.5
Spellcasting   | |  2.1

Action                   |  1- 3 |  4- 6 |  7- 9 | 10-12 || total
-------------------------+-------+-------+-------+-------++-------
Melee: Dagger            |   103 |    49 |       |       ||   152
       Bite              |    20 |    40 |    75 |   194 ||   329
       Punch             |     2 |       |     5 |     7 ||    14
       Short sword       |       |   101 |   232 |   432 ||   765
Throw: Dart              |       |       |     4 |     4 ||     8
 Cast: Ensorcelled Hiber |     7 |    29 |       |       ||    36
       Confusing Touch   |       |     5 |    15 |    63 ||    83
Invok: Draw Escape       |       |       |       |     1 ||     1
  Use: Scroll            |       |       |    10 |    10 ||    20
       Potion            |       |       |     3 |       ||     3
 Stab: Sleeping          |     7 |    23 |     2 |    15 ||    47
       Confused          |       |     4 |    15 |    43 ||    62
       Distracted        |       |     1 |     1 |     5 ||     7
       Invisible         |       |       |     4 |       ||     4
Armor: Robe              |    24 |    16 |    12 |    85 ||   137
       Leather armour    |       |    26 |    52 |       ||    78
       Skin              |       |       |     9 |       ||     9
Dodge: Dodged            |    61 |    83 |   148 |   199 ||   491
